[Event "*** Titled Tuesday Blitz"]
[Site "Chess.com"]
[Date "2020.05.19"]
[Round "4"]
[White "binbin239"]
[Black "Gloomy_Wanderer"]
[Result "0-1"]
[WhiteElo "2506"]
[BlackElo "2755"]
[TimeControl "180+1"]
[EndTime "12:37:45 PDT"]
[Termination "Gloomy_Wanderer won by resignation"]

1. d4 Nf6 2. c4 e6 3. Nf3 d5 4. g3 dxc4 5. Bg2 Bb4+ 6. Bd2 a5 7. O-O O-O 8. Nc3 c6 9. Bg5 b5 10. Ne5 Ra6 11. a3 Be7 12. a4 Nd5 13. Bxe7 Qxe7 14.
e4 Nxc3 15. bxc3 Nd7 16. Nf3 e5 17. d5 Nc5 18. axb5 cxb5 19. Qb1 Bd7 20. Rd1 Rfa8 21. Nxe5 Qxe5 0-1

[Event "*** Titled Tuesday Blitz"]
[Site "Chess.com"]
[Date "2020.05.19"]
[Round "4"]
[White "Sychev_Klementy"]
[Black "Glidzhian_Gor"]
[Result "1-0"]
[WhiteElo "2827"]
[BlackElo "2465"]
[TimeControl "180+1"]
[EndTime "12:37:48 PDT"]
[Termination "Sychev_Klementy won by resignation"]

1. e4 c5 2. Nf3 d6 3. d4 cxd4 4.
Nxd4 Nf6 5. Nc3 Nc6 6. Bg5 e6 7.
Bb5 Bd7 8. Bxc6 Bxc6 9. Qf3 Be7 10. Nxc6 bxc6 11. e5 Nd5 12. Bxe7 Qxe7 13. Qg3 O-O 14.
exd6 Qb7 15. O-O-O Rab8 16. b3 Rfd8 17. Rd4 Qd7 18.
Ne4 c5 19. Rxd5 1-0

[Event "*** Titled Tuesday Blitz"]
[Site "Chess.com"]
[Date "2020.05.19"]
[Round "4"]
[White "CalinGheorghiu"]
[Black "Aradej"]
[Result "0-1"]
[WhiteElo "2281"]
[BlackElo "2457"]
[TimeControl "180+1"]
[EndTime "12:37:50 PDT"]
[Termination "Aradej won by resignation"]

1. e4 d6 2. d4 Nf6 3. Nc3 e5 4. Nf3 Nbd7 5. Bc4 Be7 6. O-O O-O 7. a4 c6 8. h3 h6 9. Re1 Re8 10. b3 Bf8 11. Bb2 exd4 12. Nxd4 Ne5 13. Bf1 Bd7 14.
f4 Ng6 15. Qf3 Qc7 16. Rad1 a6 17. Nf5 d5 18. Bd3 Qxf4 19. exd5 Qxf3 20. gxf3 Nf4 21. Rxe8 Rxe8 22. dxc6 Bxc6 23. Ne4 Nxe4 24. fxe4 Nxh3+ 25. Kh2 Ng5 26. Re1 Nf3+ 0-1

[Event "*** Titled Tuesday Blitz"]
[Site "Chess.com"]
[Date "2020.05.19"]
[Round "4"]
[White "YellowJacek"]
[Black "j2806"]
[Result "1-0"]
[WhiteElo "2298"]
[BlackElo "2005"]
[TimeControl "180+1"]
[EndTime "12:37:51 PDT"]
[Termination "YellowJacek won by resignation"]

1. e4 c5 2. Nf3 d6 3. d4 cxd4 4.
Nxd4 Nf6 5. Nc3 a6 6. Bg5 e6 7. f4 Be7 8. Qf3 Qc7 9. O-O-O Nbd7 10. Bd3 b5 11. Rhe1 Bb7 12. Qg3 O-O 13. e5 dxe5 14. fxe5 Nxe5 15. Qxe5 Bd6 16. Qe2 Bxh2 17. Bxf6 gxf6 18.
Rh1 f5 19. Kb1 b4 20. Qh5 bxc3 21. Rxh2 f6 22. Nxe6 Qf7 23. Nxf8 Rxf8 24. Qxf5 1-0

[Event "*** Titled Tuesday Blitz"]
[Site "Chess.com"]
[Date "2020.05.19"]
[Round "4"]
[White "GukeshDommaraju"]
[Black "Gerodot71"]
[Result "1-0"]
[WhiteElo "2685"]
[BlackElo "2416"]
[TimeControl "180+1"]
[EndTime "12:37:52 PDT"]
[Termination "GukeshDommaraju won by resignation"]

1. e4 e5 2. Nf3 Nc6 3. Bb5 a6 4.
Ba4 Nf6 5. O-O Be7 6. d3 b5 7. Bb3 O-O 8. Nc3 d6 9. a4 b4 10. Nd5 Be6 11. a5 Rb8 12. Bd2 Re8 13. Bc4 Bc8 14.
Ng5 Rf8 15. Nxf6+ Bxf6 16. Qh5 Bxg5 17. Bxg5 Qe8 18. f4 Be6 19. f5 Bxc4 20. f6 Be6 21. fxg7 f5 22. gxf8=Q+ Qxf8 23. exf5 Bf7 24. Qh4 Nd4 25. Bh6 1-0

[Event "*** Titled Tuesday Blitz"]
[Site "Chess.com"]
[Date "2020.05.19"]
[Round "4"]
[White "Ural_bogatyr"]
[Black "Zmeeed63"]
[Result "1-0"]
[WhiteElo "2418"]
[BlackElo "2193"]
[TimeControl "180+1"]
[EndTime "12:37:53 PDT"]
[Termination "Ural_bogatyr won by resignation"]

1. e4 Nc6 2. Nf3 d6 3. d4 Bg4 4.
Be2 Nf6 5. Nc3 g6 6. h3 Bxf3 7.
Bxf3 Bg7 8. Be3 O-O 9. O-O e5 10.
d5 Ne7 11. Ne2 c6 12. c4 cxd5 13. cxd5 Nd7 14. g4 f5 15. gxf5 gxf5 16. Bg5 Qe8 17.
Kh2 Nc5 18. Ng3 fxe4 19. Nxe4 Nxe4 20. Bxe4 Nf5 21. Qg4 Qf7 22. Rg1 Kh8 23. Raf1 Nh6 24. Qh4 Nf5 25. Qg4 Bh6 26. Bxf5 Bxg5 27. Qxg5 Rg8 28.
Be6 1-0

[Event "*** Titled Tuesday Blitz"]
[Site "Chess.com"]
[Date "2020.05.19"]
[Round "4"]
[White "MidnightFox"]
[Black "ManuDavid2910"]
[Result "0-1"]
[WhiteElo "2482"]
[BlackElo "2690"]
[TimeControl "180+1"]
[EndTime "12:37:54 PDT"]
[Termination "ManuDavid2910 won by resignation"]

1. e4 c5 2. Nf3 Nc6 3. Bb5 e6 4. O-O Nge7 5. Re1 g6 6. c3 Bg7 7.
d4 cxd4 8. cxd4 Qb6 9. Bxc6 Nxc6 10. e5 O-O 11. Nc3 d6 12. Bf4 dxe5 13. dxe5 Qxb2 14. Ne4 Rd8 15. Qa4 Bd7 16. Rab1 Nxe5 17. Qxd7 Nxf3+ 18. gxf3 Rxd7 19. Rxb2 Bxb2 20. Rb1 Bd4 21. Rd1 Rad8 22. Bg5 Bxf2+ 23. Kxf2 Rxd1 0-1

[Event "*** Titled Tuesday Blitz"]
[Site "Chess.com"]
[Date "2020.05.19"]
[Round "4"]
[White "ZEN-22"]
[Black "A-Fier"]
[Result "0-1"]
[WhiteElo "2501"]
[BlackElo "2739"]
[TimeControl "180+1"]
[EndTime "12:37:59 PDT"]
[Termination "A-Fier won by resignation"]

1. e3 g6 2. Ne2 Bg7 3. h4 h5 4. d4 Nf6 5. Nf4 O-O 6. Bc4 d5 7. Bb3 e6 8. c4 dxc4 9. Bxc4 c5 10. d5 exd5 11. Nxd5 Nxd5 12. Qxd5 Qe7 13. Nc3 Nc6 14. O-O Qxh4 15. Qxc5 Ne5 16. Be2 Bg4 17. f3 Be6 18. Qb5 Rad8 19. Qxb7 Rd7 20. Qe4 Qd8 21. f4 Ng4 22. f5 Bxf5 23. Rxf5 gxf5 24. Qxf5 Qh4 25. Bxg4 hxg4 26. Qxd7 Qe1+ 27. Kh2 Be5+ 0-1

[Event "*** Titled Tuesday Blitz"]
[Site "Chess.com"]
[Date "2020.05.19"]
[Round "4"]
[White "mjray79"]
[Black "Chessialist"]
[Result "0-1"]
[WhiteElo "2297"]
[BlackElo "2560"]
[TimeControl "180+1"]
[EndTime "12:38:02 PDT"]
[Termination "Chessialist won by resignation"]

1. d4 Nf6 2. c4 e6 3. g3 d5 4. Bg2 Be7 5. Nf3 O-O 6. O-O dxc4 7. Qc2 a6 8. a4 b6 9. Ng5 Ra7 10. Qxc4 b5 11. Qc2 h6 12. Nf3 b4 13. Rd1 a5 14.
e4 Nbd7 15. Bf4 Bb7 16. Nbd2 Qa8 17. Ne5 Nxe5 18. dxe5 Nd7 19. Qxc7 Bxe4 20. Bxe4 Rxc7 21. Bxa8 Rxa8 22. Ne4 Nc5 23. Nxc5 Bxc5 24. Rac1 Rac8 25. Kg2 g5 26. Be3 Bxe3 27. Rxc7 Rxc7 28. fxe3 Rc2+ 29. Kf3 Rxb2 30. Rd8+ Kg7 31. Ra8 Rxh2 32. Rxa5 Ra2 33. Ra8 h5 34. a5 b3 35. Rb8 Rxa5 36. Rxb3 Rxe5 37. g4 h4 38. Kg2 Re4 39. Kh3 Kg6 40. Rc3 f5 41. gxf5+ exf5 42. Rc6+ Kh5 43. Rc3 g4+ 44. Kg2 Kg5 45. Kf2 h3 46. Kg3 Rxe3+ 47. Rxe3 f4+ 0-1

[Event "*** Titled Tuesday Blitz"]
[Site "Chess.com"]
[Date "2020.05.19"]
[Round "4"]
[White "antoszu"]
[Black "Hangar-18"]
[Result "1-0"]
[WhiteElo "2543"]
[BlackElo "2309"]
[TimeControl "180+1"]
[EndTime "12:38:02 PDT"]
[Termination "antoszu won by resignation"]

1. d4 d5 2. c4 e6 3. Nc3 c6 4. e4 dxe4 5. Nxe4 Bb4+ 6. Bd2 Qxd4 7. Bxb4 Qxe4+ 8. Be2 a5 9. Bc3 Nf6 10. Nf3 c5 11.
O-O Nbd7 12. Bd3 Qc6 13. Bc2 O-O 14. Re1 b5 15. cxb5 Qxb5 16. Ne5 Nxe5 17. Bxe5 Bb7 18. Bxf6 gxf6 19. Qh5 f5 20. Qg5+ Kh8 21. Qf6+ Kg8 22. Re3 Qf1+ 1-0

[Event "*** Titled Tuesday Blitz"]
[Site "Chess.com"]
[Date "2020.05.19"]
[Round "4"]
[White "PavlovDanila"]
[Black "Incognito2525"]
[Result "0-1"]
[WhiteElo "2655"]
[BlackElo "2501"]
[TimeControl "180+1"]
[EndTime "12:38:11 PDT"]
[Termination "Incognito2525 won by resignation"]

1. e4 e6 2. d4 d5 3. Nc3 Nc6 4. e5 Bd7 5. Bb5 Bb4 6. a3 Bxc3+ 7. bxc3 Nxe5 8. Bxd7+ Nxd7 9. Qg4 Qf6 10. Nf3 Qg6 11. Qh3 Qxc2 12. O-O Qxc3 13. Bf4 c6 14. Rab1 Nb6 15.
Bc7 Nf6 16. Bxb6 axb6 17. Rxb6 O-O 18. Rxb7 Rxa3 19. Qg3 Ra1 20. Rfb1 Rxb1+ 21. Rxb1 Ne4 22. Qc7 Qc2 23. Rf1 h6 24. Ne5 Nd2 25. Re1 Qc3 26.
h3 f6 27. Qxc6 Nf3+ 0-1

[Event "*** Titled Tuesday Blitz"]
[Site "Chess.com"]
[Date "2020.05.19"]
[Round "4"]
[White "Torrentec"]
[Black "PlayChessSimple"]
[Result "0-1"]
[WhiteElo "2297"]
[BlackElo "2495"]
[TimeControl "180+1"]
[EndTime "12:38:12 PDT"]
[Termination "PlayChessSimple won by resignation"]

1. e4 e6 2. d4 d5 3. Nc3 Nf6 4.
e5 Nfd7 5. f4 c5 6. Nf3 Nc6 7. Be3 Qb6 8. a3 cxd4 9. Nxd4 Bc5 10.
Na4 Qa5+ 11. c3 Bxd4 12. Bxd4 Nxd4 13. Qxd4 b6 14. Bd3 Ba6 15. Bxa6 Qxa6 16. Kf2 Rc8 17. b3 O-O 18. Rhc1 f6 19. exf6 Nxf6 20. Kg1 Ne4 21. c4 Rxf4 22. cxd5 Rxc1+ 23. Rxc1 Ng3 24. Qxf4 Ne2+ 25.
Kf2 Nxf4 26. d6 Nd3+ 0-1

[Event "*** Titled Tuesday Blitz"]
[Site "Chess.com"]
[Date "2020.05.19"]
[Round "4"]
[White "David_Paravyan"]
[Black "SaySpade4VIP"]
[Result "1/2-1/2"]
[WhiteElo "2881"]
[BlackElo "2684"]
[TimeControl "180+1"]
[EndTime "12:38:13 PDT"]
[Termination "Game drawn by agreement"]

1. e4 c6 2. d4 d5 3. e5 c5 4. c3 Nc6 5. a3 cxd4 6. cxd4 Bf5 7. Nc3 e6 8. h4 h6 9. g4 Bh7 10. Be3 Nge7 11. h5 Nc8 12. Bd3 Bxd3 13. Qxd3 Nb6 14. Nge2 Rc8 15. b3 a6 16. Kf1 Na5 17. Nd1 Be7 18.
Bd2 Nc6 19. f4 Kd7 20. Kg2 Kc7 21. Ne3 Kb8 22. Rac1 Bxa3 23. Rc2 1/2-1/2

[Event "*** Titled Tuesday Blitz"]
[Site "Chess.com"]
[Date "2020.05.19"]
[Round "4"]
[White "DaggiGretarsson"]
[Black "djano"]
[Result "1-0"]
[WhiteElo "2616"]
[BlackElo "2450"]
[TimeControl "180+1"]
[EndTime "12:38:16 PDT"]
[Termination "DaggiGretarsson won by resignation"]

1. d4 Nf6 2. c4 g6 3. Nc3 Bg7 4. e4 d6 5. f4 c5 6. dxc5 dxc5 7. Qxd8+ Kxd8 8. e5 Ng4 9. h3 Nh6 10. Be3 b6 11.
O-O-O+ Ke8 12. Nb5 Na6 13. g4 Bb7 14. Rh2 f6 15. e6 Bc6 16. Bg2 Bxg2 17. Rxg2 Rd8 18. Rxd8+ Kxd8 19. Rd2+ Kc8 20. Rd7 Nb4 21. Nxa7+ Kb8 22.
a3 Nd3+ 23. Kc2 Ne1+ 24. Kd1 Ng2 25. Nc6+ Kc8 26. Nxe7+ Kb8 27. Bd2 Bf8 28. Nc6+ Kc8 29. Na7+ Kb8 30. e7 1-0

[Event "*** Titled Tuesday Blitz"]
[Site "Chess.com"]
[Date "2020.05.19"]
[Round "4"]
[White "Orest_Vovk"]
[Black "HouseOfDurin"]
[Result "1-0"]
[WhiteElo "2364"]
[BlackElo "1986"]
[TimeControl "180+1"]
[EndTime "12:38:18 PDT"]
[Termination "Orest_Vovk won by resignation"]

1. e4 c5 2. Be2 Nc6 3. d3 g6 4. f4 Bg7 5. Nf3 e5 6. O-O d6 7. c3 Nge7 8. Na3 O-O 9. Qe1 f5 10.
Bd1 Na5 11. b4 cxb4 12. cxb4 exf4 13. bxa5 Bxa1 14. Bb3+ Kg7 15. d4 fxe4 16. Qxe4 Bf5 17. Qxf4 Qxa5 18. Qh6+ Kh8 19. Ng5 1-0

[Event "*** Titled Tuesday Blitz"]
[Site "Chess.com"]
[Date "2020.05.19"]
[Round "4"]
[White "archess2"]
[Black "Storchnoi"]
[Result "1-0"]
[WhiteElo "2284"]
[BlackElo "1932"]
[TimeControl "180+1"]
[EndTime "12:38:18 PDT"]
[Termination "archess2 won by resignation"]

1. d4 Nf6 2. c4 e6 3. Nc3 Bb4 4. Qc2 c5 5. dxc5 O-O 6. a3 Bxc5 7. Nf3 b6 8. b4 Be7 9. Bg5 Bb7 10. e4 d6 11. Bd3 Nbd7 12. O-O Rc8 13. Rfd1 Qc7 14. Rac1 Qb8 15. Bf4 Ne5 16. Nxe5 dxe5 17. Bg3 Rfd8 18. f3 a6 19. Be2 Rd4 20. Bf2 Rcd8 21. Bxd4 exd4 22.
Na4 Qc7 23. c5 b5 24. Nb2 e5 25. Nd3 Bc8 26. a4 Be6 27. axb5 axb5 28. Nf2 Qc6 29. Ra1 Nh5 30. Ra5 Rb8 31. Nd3 Bc4 32.
Nxe5 Qe6 33. Nxc4 bxc4 34. Bxc4 Qe5 35. Qb2 Nf4 36. g3 Nh3+ 37. Kg2 Ng5 38. Qxd4 Qc7 39.
Qd7 Qb7 40. Qxb7 Rxb7 41. Ra8+ Bf8 42. Rdd8 Ne6 43. Bxe6 1-0

[Event "*** Titled Tuesday Blitz"]
[Site "Chess.com"]
[Date "2020.05.19"]
[Round "4"]
[White "AlexTriapishko"]
[Black "Tashik"]
[Result "1-0"]
[WhiteElo "2733"]
[BlackElo "2500"]
[TimeControl "180+1"]
[EndTime "12:38:19 PDT"]
[Termination "AlexTriapishko won by resignation"]

1. d4 Nf6 2. Nc3 d5 3. Bf4 e6 4. e3 Bd6 5. Nf3 O-O 6. Bd3 c5 7. dxc5 Bxf4 8. exf4 Qa5 9. O-O Nbd7 10. a3 Qxc5 11.
Nb5 b6 12. b4 Qe7 13. Re1 a6 14. Nbd4 Qd6 15. Ne5 Bb7 16. Qf3 Ne4 17. Qe3 Rac8 18.
Rad1 Rfe8 19. Bxe4 dxe4 20. Ne2 1-0

[Event "*** Titled Tuesday Blitz"]
[Site "Chess.com"]
[Date "2020.05.19"]
[Round "4"]
[White "Chess_Boxer123"]
[Black "ajian"]
[Result "1-0"]
[WhiteElo "2562"]
[BlackElo "2328"]
[TimeControl "180+1"]
[EndTime "12:38:20 PDT"]
[Termination "Chess_Boxer123 won by resignation"]

1. Nf3 Nf6 2. b3 d5 3. Bb2 c5 4.
e3 Nc6 5. Bb5 e6 6. O-O Bd6 7.
d4 O-O 8. Ne5 Qc7 9. f4 Ne4 10.
Nd2 cxd4 11. Nxe4 dxe4 12. Nxc6 bxc6 13. Qxd4 e5 14. fxe5 Bxe5 15. Qxe5 Qxe5 16. Bxe5 cxb5 17. Rad1 Be6 18. Rd6 Rac8 19. c3 Rc5 20. Rxe6 Rd5 21.
Re7 a5 22. Bd4 a4 23. b4 h6 24. a3 Rd6 25. Rf5 Rc6 26. Rxb5 1-0

[Event "*** Titled Tuesday Blitz"]
[Site "Chess.com"]
[Date "2020.05.19"]
[Round "4"]
[White "VojtechPlat"]
[Black "Zurability"]
[Result "1-0"]
[WhiteElo "2897"]
[BlackElo "2692"]
[TimeControl "180+1"]
[EndTime "12:38:22 PDT"]
[Termination "VojtechPlat won by resignation"]

1. e4 e5 2. Nf3 Nc6 3. Bb5 a6 4. Ba4 Nf6 5. d4 exd4 6. O-O Be7 7. Re1 O-O 8. e5 Nd5 9. Bb3 Nb6 10. Nxd4 Nxd4 11. Qxd4 d6 12. exd6 Bxd6 13. Bf4 Qh4 14. g3 Qg4 15. h3 Qg6 16. Bxd6 Qxd6 17. Qxd6 cxd6 18. h4 a5 19. a4 Bd7 20. Nc3 Rfe8 21. Red1 Be6 22. Rxd6 Bxb3 23. cxb3 Nc8 24. Rd7 b6 25.
Rad1 Ne7 26. Nb5 Nc6 27. Nc7 Ne5 28. R7d5 1-0

[Event "*** Titled Tuesday Blitz"]
[Site "Chess.com"]
[Date "2020.05.19"]
[Round "4"]
[White "Savva09022009"]
[Black "nubair1198"]
[Result "0-1"]
[WhiteElo "2419"]
[BlackElo "2664"]
[TimeControl "180+1"]
[EndTime "12:38:22 PDT"]
[Termination "nubair1198 won by checkmate"]

1. d4 Nf6 2. Nc3 g6 3. Bf4 d5 4. Qd2 h5 5. O-O-O Bg7 6. f3 Bf5 7. e3 a6 8. Bd3 b5 9. Nge2 Bxd3 10. cxd3 Nbd7 11. e4 e6 12. h4 c5 13. dxc5 Nxc5 14. d4 Na4 15. Nxa4 bxa4 16. Be5 dxe4 17. Bxf6 Bxf6 18.
fxe4 Bxh4 19. d5 Bg5 20. Nf4 e5 21. Kb1 Bxf4 22. Qb4 Qd7 23. Rc1 Bxc1 24. Rxc1 Rc8 25. Rxc8+ Qxc8 26. Qd6 f6 27. Qxf6 Rh7 28. Qxg6+ Rf7 29.
Qg8+ Rf8 30. Qg6+ Ke7 31. Qg7+ Kd6 32. Qg6+ Kc5 33. b4+ axb3 34. axb3 Kd4 35. d6 Rf1+ 36. Ka2 Qc2+ 37. Ka3 Ra1+ 38. Kb4 Qc5# 0-1

[Event "*** Titled Tuesday Blitz"]
[Site "Chess.com"]
[Date "2020.05.19"]
[Round "4"]
[White "Meri-Arabidze"]
[Black "Shield12"]
[Result "0-1"]
[WhiteElo "2613"]
[BlackElo "2824"]
[TimeControl "180+1"]
[EndTime "12:38:24 PDT"]
[Termination "Shield12 won by resignation"]

1. d4 Nf6 2. c4 e6 3. Nf3 b6 4. g3 Bb7 5. Bg2 Be7 6. O-O O-O 7. Re1 Ne4 8. Nfd2 d5 9. Nc3 f5 10. Nf3 Bf6 11. Bf4 dxc4 12. Qa4 Nxc3 13. bxc3 Bd5 14. Ne5 Bxg2 15. Kxg2 Qd5+ 16. e4 fxe4 17.
Qxc4 Bxe5 18. Qxd5 exd5 19. Bxe5 c6 20. c4 dxc4 21. Rxe4 Nd7 22. f4 b5 23. Rae1 Rfe8 24.
f5 Kf7 25. Rg4 Nf6 26. Rh4 Rad8 27. g4 h6 28. Kf3 c5 29. Rd1 Rxe5 0-1

[Event "*** Titled Tuesday Blitz"]
[Site "Chess.com"]
[Date "2020.05.19"]
[Round "4"]
[White "GothamChess"]
[Black "santosalberto1987"]
[Result "0-1"]
[WhiteElo "2617"]
[BlackElo "2478"]
[TimeControl "180+1"]
[EndTime "12:38:24 PDT"]
[Termination "santosalberto1987 won by resignation"]

1. e4 e6 2. b3 d5 3. Bb2 dxe4 4. Nc3 Nf6 5. Qe2 Bb4 6. O-O-O Qe7 7. Kb1 Ba3 8. Ba1 a5 9. Nxe4 a4 10. Nxf6+ gxf6 11. Nf3 axb3 12. axb3 Bc1 13. Kxc1 Rxa1+ 14. Kb2 Qa3+ 15.
Kc3 Nc6 16. d4 Qa5+ 17. Kd3 Nb4+ 0-1

[Event "*** Titled Tuesday Blitz"]
[Site "Chess.com"]
[Date "2020.05.19"]
[Round "4"]
[White "esskeettit"]
[Black "TV27"]
[Result "1-0"]
[WhiteElo "2315"]
[BlackElo "2092"]
[TimeControl "180+1"]
[EndTime "12:38:25 PDT"]
[Termination "esskeettit won by resignation"]

1. d4 f5 2. g3 Nf6 3. Bg2 d5 4.
Nf3 e6 5. O-O Bd6 6. c4 c6 7. b3 a5 8. Ba3 O-O 9. Qc2 Bxa3 10.
Nxa3 Qe7 11. Nb1 Ne4 12. Nbd2 Nd7 13. Rfd1 Ndf6 14. Ne5 Bd7 15. f3 Ng5 16. Nf1 Nh5 17.
Qd2 f4 18. g4 Nf6 19. Qxf4 Nfe4 20. Qe3 dxc4 21. fxe4 Be8 22. bxc4 h5 23. gxh5 Bxh5 24. Ng3 Be8 25. Rf1 Rxf1+ 26. Rxf1 Rd8 27. h4 Nh7 28.
h5 Nf6 29. h6 gxh6 30. Qxh6 1-0

[Event "*** Titled Tuesday Blitz"]
[Site "Chess.com"]
[Date "2020.05.19"]
[Round "4"]
[White "ElGasanov"]
[Black "bait_or_mate"]
[Result "1-0"]
[WhiteElo "2744"]
[BlackElo "2450"]
[TimeControl "180+1"]
[EndTime "12:38:27 PDT"]
[Termination "ElGasanov won by resignation"]

1. d4 Nf6 2. Nf3 d5 3. c4 e6 4. e3 a6 5. b3 Bd6 6. Bb2 O-O 7. Bd3 b6 8. O-O Bb7 9. Nc3 Nbd7 10. Qe2 Ne4 11. Rac1 c5 12. cxd5 exd5 13. Rfd1 Qe7 14. dxc5 Ndxc5 15. Bb1 Rfd8 16. Nd4 Qh4 17. g3 Qh3 18. Qf3 g6 19. b4 Nxc3 20. Bxc3 Ne4 21. Bxe4 dxe4 22. Qf6 Kf8 23. Nc6 Bxc6 24. Rxd6 1-0

[Event "*** Titled Tuesday Blitz"]
[Site "Chess.com"]
[Date "2020.05.19"]
[Round "4"]
[White "luizwas"]
[Black "MYMChessAcademy"]
[Result "0-1"]
[WhiteElo "1820"]
[BlackElo "2356"]
[TimeControl "180+1"]
[EndTime "12:38:31 PDT"]
[Termination "MYMChessAcademy won by checkmate"]

1. e4 c5 2. Nf3 d6 3. d4 cxd4 4. Nxd4 a6 5. Nc3 e6 6. f4 b5 7.
Qf3 Bb7 8. a3 Nd7 9. Bd3 Rc8 10.
O-O Ngf6 11. Kh1 Nc5 12. Bxb5+ axb5 13. Ndxb5 Ncxe4 14. Re1 d5 15. Nxe4 Nxe4 16. f5 Qb6 17.
Be3 Qxb5 18. fxe6 fxe6 19. Rf1 Qd7 20. c4 Rxc4 21. b4 g6 22. Qf4 Bg7 23. Qb8+ Rc8 24. Qf4 Rf8 25. Qxf8+ Bxf8 26. Rxf8+ Kxf8 27. Bh6+ Kg8 28. Rf1 d4 29. h4 Ng3+ 30. Kh2 Nxf1+ 31. Kh3 Qd5 32. Kg4 Qxg2+ 33. Kf4 Qg3# 0-1

[Event "*** Titled Tuesday Blitz"]
[Site "Chess.com"]
[Date "2020.05.19"]
[Round "4"]
[White "grandcoach"]
[Black "Doukis"]
[Result "0-1"]
[WhiteElo "2056"]
[BlackElo "2371"]
[TimeControl "180+1"]
[EndTime "12:38:32 PDT"]
[Termination "Doukis won by resignation"]

1. e4 e5 2. Nf3 Nc6 3. d4 exd4 4. c3 Nf6 5. e5 Ne4 6. Qe2 d5 7. exd6 f5 8. Nbd2 Bxd6 9. Nxe4 fxe4 10. Qxe4+ Qe7 11.
Bd3 dxc3 12. O-O Qxe4 13. Bxe4 cxb2 14. Bxb2 O-O 15. Bd5+ Kh8 16. Ng5 Nd8 17. Rfe1 Bf5 18. Re3 h6 19. Ne4 Bxe4 20. Rxe4 c6 21. Rg4 cxd5 22.
Rxg7 Ba3 23. Bc3 d4 24. Bxd4 Ne6 25. Rg3+ Nxd4 26. Rxa3 Nc2 0-1

[Event "*** Titled Tuesday Blitz"]
[Site "Chess.com"]
[Date "2020.05.19"]
[Round "4"]
[White "GOGIEFF"]
[Black "2L8IWUN"]
[Result "1-0"]
[WhiteElo "2913"]
[BlackElo "2534"]
[TimeControl "180+1"]
[EndTime "12:38:33 PDT"]
[Termination "GOGIEFF won by resignation"]

1. d4 Nf6 2. c4 e6 3. Nc3 d5 4.
cxd5 exd5 5. Bg5 c6 6. e3 Be6 7.
Bd3 Nbd7 8. Nge2 h6 9. Bh4 g5 10. Bg3 Nh5 11. Qc2 Nxg3 12. Nxg3 h5 13. Nf5 h4 14.
O-O-O Qf6 15. g4 O-O-O 16. Kb1 Kb8 17. f3 Rc8 18. Qf2 c5 19. e4 cxd4 20. Nxd5 Bxd5 21. exd5 Bd6 22. Nxd6 Qxd6 23. Bf5 Rc5 24. Qxd4 Rhc8 25. Bxd7 Qxd7 26. d6 f5 27. h3 a6 28. Rhe1 fxg4 29.
fxg4 Qh7+ 30. Ka1 Qc2 31. a3 Rc4 32. Qe5 Ka8 33. d7 Rd8 34. Qxg5 1-0

[Event "*** Titled Tuesday Blitz"]
[Site "Chess.com"]
[Date "2020.05.19"]
[Round "4"]
[White "Gabrielian_Artur"]
[Black "shrek4life02"]
[Result "1-0"]
[WhiteElo "2717"]
[BlackElo "2495"]
[TimeControl "180+1"]
[EndTime "12:38:34 PDT"]
[Termination "Gabrielian_Artur won by resignation"]

1. e4 c6 2. d4 d5 3. Nd2 dxe4 4. Nxe4 Bf5 5. Ng3 Bg6 6. c3 Nf6 7. Nh3 Nbd7 8. Nf4 e6 9. h4 Bd6 10. h5 Be4 11. Nxe4 Nxe4 12. Bd3 Ndf6 13. Qe2 Ng5 14. h6 gxh6 15. Rxh6 Rg8 16. Bd2 Qe7 17. O-O-O O-O-O 18. g3 Kb8 19. Kb1 Ka8 20. Ng2 e5 21. dxe5 Qxe5 22.
Re1 Qxe2 23. Rxe2 Nd5 24. Bxg5 Rxg5 25. Rxd6 1-0

[Event "*** Titled Tuesday Blitz"]
[Site "Chess.com"]
[Date "2020.05.19"]
[Round "4"]
[White "GigaQuparadze"]
[Black "FedaMaster"]
[Result "1-0"]
[WhiteElo "2857"]
[BlackElo "2531"]
[TimeControl "180+1"]
[EndTime "12:38:35 PDT"]
[Termination "GigaQuparadze won by resignation"]

1. e4 d5 2. exd5 Qxd5 3. Nc3 Qd6 4. Nf3 Nf6 5. d4 Bg4 6. Bc4 e6 7. h3 Bxf3 8. Qxf3 Nc6 9. Be3 O-O-O 10. O-O-O Qb4 11. Bb5 Nd5 12. Bxc6 Nxc3 13. Bxb7+ Kb8 14. bxc3 Qxc3 15. Rd3 Qa1+ 16. Kd2 Bb4+ 17. Ke2 Qxh1 18. Bd2 Bxd2 19. Kxd2 Qb1 20. Ba6 Qb4+ 21. Ke2 Rxd4 22. Rxd4 Qb6 23. Qd3 c6 24. Rd7 Ka8 25. Bb7+ Kb8 26.
Qd6+ 1-0

[Event "*** Titled Tuesday Blitz"]
[Site "Chess.com"]
[Date "2020.05.19"]
[Round "4"]
[White "konradrutkowski"]
[Black "Mikhail_Golubev"]
[Result "0-1"]
[WhiteElo "2307"]
[BlackElo "2561"]
[TimeControl "180+1"]
[EndTime "12:38:35 PDT"]
[Termination "Mikhail_Golubev won by resignation"]

1. Nf3 d6 2. d4 Nf6 3. Nc3 g6 4. e4 Bg7 5. h3 O-O 6. Be3 Nbd7 7. Be2 c6 8. a4 Qc7 9. O-O a5 10. Re1 e5 11. dxe5 dxe5 12. Bc4 h6 13. Qd2 Kh7 14.
Rad1 Nh5 15. Qd6 Qd8 16. g4 Nf4 17. Bxf4 exf4 18. e5 Qb6 19. Qe7 Qb4 20. Bxf7 Qxe7 0-1

[Event "*** Titled Tuesday Blitz"]
[Site "Chess.com"]
[Date "2020.05.19"]
[Round "4"]
[White "DanielTitichoca"]
[Black "chessuriel"]
[Result "1-0"]
[WhiteElo "2342"]
[BlackElo "2171"]
[TimeControl "180+1"]
[EndTime "12:38:36 PDT"]
[Termination "DanielTitichoca won by resignation"]

1. Nf3 Nf6 2. c4 c5 3. Nc3 d5 4. cxd5 Nxd5 5. e4 Nb4 6. Bc4 N4c6 7. h3 e5 8. d3 Be7 9. a4 O-O 10. O-O Na6 11. Be3 Nc7 12. Rc1 b6 13. Nd5 Ne6 14. Ba2 Ned4 15. Nxe7+ Qxe7 16. Bd5 Nxf3+ 17. Qxf3 Bb7 18.
Qg3 Kh8 19. f4 Nb4 20. Bc4 Rad8 21. fxe5 h6 22. Bxh6 gxh6 23. Rf6 1-0

[Event "*** Titled Tuesday Blitz"]
[Site "Chess.com"]
[Date "2020.05.19"]
[Round "4"]
[White "Aemulus20"]
[Black "Omk124"]
[Result "1-0"]
[WhiteElo "2581"]
[BlackElo "2377"]
[TimeControl "180+1"]
[EndTime "12:38:38 PDT"]
[Termination "Aemulus20 won by checkmate"]

1. e4 c5 2. Nc3 a6 3. f4 b5 4. a4 b4 5. Nce2 Bb7 6. Ng3 d6 7. Bc4 Nd7 8. d3 e6 9. Nf3 Ngf6 10. O-O Be7 11. f5 d5 12. fxe6 fxe6 13. Ba2 O-O 14. Ng5 Qb6 15. a5 Qc6 16. exd5 exd5 17. Qe2 Rae8 18.
Qe6+ Qxe6 19. Nxe6 Rf7 20. Nf5 Bf8 21. Ng5 g6 22.
Nxf7 Kxf7 23. Ne3 Bd6 24. Nxd5 Kg7 25. Nxf6 Nxf6 26. Bf4 Re2 27. Rf2 Rxf2 28. Kxf2 Bxf4 29. h3 Be5 30. Re1 Bd4+ 31. Kf1 Kf8 32. Re6 Nd5 33. Bxd5 Bxd5 34. Rxa6 c4 35. Rd6 cxd3 36. cxd3 Bxb2 37. Rxd5 Bc3 38. Rb5 Ke7 39. a6 Kd7 40. a7 Kc6 41. Rxb4 Bxb4 42. a8=Q+ Kc5 43. Qg8 Kd4 44.
Qc4+ Ke3 45. Qxb4 h5 46. Qe4+ Kd2 47. d4 h4 48. d5 g5 49. Qf3 g4 50. hxg4 h3 51.
gxh3 Kc1 52. d6 Kc2 53. d7 Kc1 54. d8=Q Kc2 55. Qdd3+ Kc1 56. Qfd1+ Kb2 57. Q3b3# 1-0